 Dungeon Crawl Stone Soup version 0.28-a0-1159-g27aa881441 (webtiles) character file.

Game seed: 5766995661097566000

182 SensoryNuts the Poker (level 5, -8/41 HPs)
             Began as a Demonspawn Fighter on Dec 15, 2021.
             Mangled by a hornet (12 damage)
             ... while paralysed by a hornet
             ... on level 4 of the Dungeon.
             The game lasted 00:03:27 (3293 turns).

SensoryNuts the Poker (Demonspawn Fighter)          Turns: 3293, Time: 00:03:28

Health: -8/41      AC:  6    Str: 18    XL:     5   Next: 34%
Magic:  5/5        EV:  2    Int:  9    God:
Gold:   103        SH:  0    Dex: 13    Spells: 4/4 levels left

rFire   . . .      SeeInvis .   a - +0 trident
rCold   . . .      Faith    .   c - +0 buckler
rNeg    . . .      Spirit   .   b - +0 scale mail
rPois   .          Reflect  .   (no helmet)
rElec   .          Harm     .   (no cloak)
rCorr   .          Rampage  .   (no gloves)
Will    .....                   (no boots)
Stlth   ..........              (no amulet)
HPRegen 0.13/turn               (no ring)
MPRegen 0.09/turn               (no ring)

@: paralysed, lethally poisoned (-8 -> -12)
A: hooves 1, ignite blood 2, demonic magic 1
a: no special abilities


You were on level 4 of the Dungeon.
You visited 1 branch of the dungeon, and saw 4 of its levels.

You collected 103 gold pieces.

Inventory:

Hand Weapons
 a - a +0 trident (weapon)
Armour
 b - a +0 scale mail (worn)
 c - a +0 buckler (worn)
Jewellery
 j - a ring of wizardry
 k - a ring of protection from cold
Wands
 d - a wand of flame (25)
Scrolls
 e - a scroll of fear
 i - a scroll of teleportation
Potions
 g - a potion of heal wounds


   Skills:
 + Level 3.5 Fighting
 + Level 3.6 Polearms
 + Level 3.5 Armour
 + Level 0.5 Dodging
 + Level 3.2 Shields


You had 4 spell levels left.
You didn't know any spells.
Your spell library was empty.

Dungeon Overview and Level Annotations

Branches:
Dungeon (4/15)
 Temple: D:4-7

Altars:


Innate Abilities, Weirdness & Mutations

You have large cloven feet.
Your demonic aura often causes spilled blood to erupt in flames.
Spells you cast may paralyse adjacent enemies.


Message History

Done exploring.
Done exploring.
Done exploring.
There is a stone staircase leading down, spattered with blood here.
You see here a +0 short sword.
You climb downwards.
There is a stone staircase leading up here.
k - a ring of protection from cold
Found a chain mail.
Key pressed, stopping explore.
No target in view!
No target in view!
No target in view!
No target in view!
Found a glowing whip.
You see here a +2 whip of freezing.
A hornet comes into view.
The hornet buzzes angrily.
A hornet is nearby!
A hornet is nearby!
Okay, then.
As you read the scroll labelled DAESTE FEGIWESO, it crumbles to dust.
It is a scroll of amnesia.
You feel forgetful for a moment.
As you read the scroll labelled WAD MEWAUKA, it crumbles to dust.
The scroll dissolves into smoke.
It was a scroll of fog.
The hornet stings you!
You are poisoned.
You feel yourself slow down.
Unknown command.
You barely miss the hornet. Your kick misses the hornet.
You feel very sick. The hornet barely misses you. The hornet stings you!
You suddenly lose the ability to move!
You feel sick.
The hornet stings you but does no damage.
You feel yourself speed up.
You feel sick. The hornet stings you!
* * * LOW HITPOINT WARNING * * *
You shrug off the repeated paralysis!
The hornet stings you!
You die...

.#....#..#..#.####..
....#.....#.##.##..
#......#..##..###.
#........###..# #.
#....#.####...##.#
...###.##.....#...
.. ##§#
##......####.
....###§# #......#
#. #...§y@##
##....## ##.
#####§§§## ##)..# #.
#§##§####..## #.. ##
##..#.### #....
##..## ..##. #..# #
#. ....# ... #####.
#### ##


You could see a hornet.

Vanquished Creatures
  A hound (D:3)
  Robin (D:1)
  4 adders
  3 worms (D:2)
  3 dart slugs
  2 orcs (D:3)
  5 endoplasms
  6 giant cockroaches
  14 goblins
  7 hobgoblins
  4 jackals
  2 quokkas
  9 ball pythons
  8 bats
  3 frilled lizards (D:1)
  4 kobolds
  9 rats
85 creatures vanquished.

Notes
Turn   | Place    | Note
-------+----------+-------------------------------------------
     0 | D:1      | SensoryNuts the Demonspawn Fighter began the quest for the
                  | Orb.
     0 | D:1      | Reached XP level 1. HP: 18/18 MP: 1/1
    65 | D:1      | Found a faded altar of an unknown god.
   126 | D:1      | Gained mutation: Spells you cast may paralyse adjacent
                  | enemies. [demonic ancestry]
   126 | D:1      | Reached XP level 2. HP: 24/24 MP: 2/2
   946 | D:2      | Noticed Robin
   963 | D:2      | Gained mutation: Your demonic aura sometimes causes spilled
                  | blood to erupt in flames. [demonic ancestry]
   963 | D:2      | Reached XP level 3. HP: 29/29 MP: 3/3
  1206 | D:1      | Killed Robin
  1427 | D:2      | Gained mutation: Your demonic aura often causes spilled
                  | blood to erupt in flames. [demonic ancestry]
  1427 | D:2      | Reached XP level 4. HP: 28/35 MP: 4/4
  2734 | D:3      | Discovered your monstrous ancestry.
  2734 | D:3      | Gained mutation: You have large cloven feet. [demonic
                  | ancestry]
  2734 | D:3      | Reached XP level 5. HP: 24/41 MP: 5/5
  3287 | D:4      | Noticed a hornet
  3291 | D:4      | Paralysed by a hornet for 3 turns
  3293 | D:4      | Mangled by a hornet

Illustrated notes

Levels and vault maps discovered:
D:1:      onia_arrival_handbag, layout_basic, ebering_ecumenical_altar_webs,
          minmay_tree_intersection, st_stairs_9
D:2:      layout_loops_cross, uniq_robin
D:3:      layout_basic
D:4:      layout_layer_cave, serial_shops,
          nicolae_shop_temple_entry_statues_fountains, serial_bayou_pond_a,
          hangedman_decor_opposing, uniq_eustachio, uniq_natasha

Skill      XL: |  1  2  3  4 |
---------------+-------------+-----
Polearms       | 2 3 |  3.6
Shields        | 3 |  3.2
Armour         | 3 |  3.5
Fighting       | |  3.5
Dodging        | |  0.5

Action                   |  1- 3 |  4- 6 || total
-------------------------+-------+-------++-------
Melee: Trident           |   132 |   171 ||   303
       Kick              |       |     6 ||     6
  Use: Potion            |     2 |       ||     2
       Scroll            |     1 |     4 ||     5
Armor: Scale mail        |    62 |    84 ||   146
Dodge: Dodged            |    66 |    89 ||   155
Block: Buckler           |    22 |    34 ||    56

Table legend: (Time is in decaauts)
 A = Elapsed time spent in this place.
 B = Non-inter-level travel time spent in this place.
 C = Inter-level travel time spent in this place.
 D = Time resting spent in this place.
 E = Time spent auto-exploring this place.
 F = Levels seen in this place.
 G = Mean time per level.
                   A        B        C        D        E       F      G
               +--------+--------+--------+--------+--------+-----+--------+
         Total |   3357 |   3298 |     59 |      9 |   2668 |   4 |  839.2 |
       Dungeon |   3357 |   3298 |     59 |      9 |   2668 |   4 |  839.2 |
               +--------+--------+--------+--------+--------+-----+--------+

Top non-repeatable levels by time:
     D:2: 1258 daAuts
     D:1: 1208 daAuts
     D:3: 835 daAuts
     D:4: 55 daAuts
